 Dungeon Crawl Stone Soup version 0.24-a0-580-g6a6c3f83c1 (webtiles) character file.

Game seed: 1534588255439086228

191 Mame the Chopper (level 5, -1/46 HPs)
             Began as a Hill Orc Fighter on Aug 21, 2019.
             Was a Follower of Okawaru.
             Slain by a gnoll
             ... wielding a +0 halberd
              (8 damage)
             ... on level 3 of the Dungeon.
             The game lasted 00:13:33 (2749 turns).

Mame the Chopper (Hill Orc Fighter)                 Turns: 2749, Time: 00:13:34

Health: -1/46      AC:  9    Str: 20    XL:     5   Next: 70%
Magic:  5/5        EV:  7    Int:  8    God:    Okawaru [*.....]
Gold:   99         SH:  9    Dex: 10    Spells: 4/4 levels left

rFire    . . .     SeeInvis .   g - +0 hand axe
rCold    . . .     Gourm    .   c - +0 shield
rNeg     . . .     Faith    .   b - +0 scale mail
rPois    .         Spirit   .   (no helmet)
rElec    .         Reflect  .   (no cloak)
rCorr    .         Harm     .   m - +0 pair of gloves
MR       .....                  e - +0 pair of boots
Stlth    ..........             (no amulet)
HPRegen  0.15/turn              (no ring)
MPRegen  0.09/turn              (no ring)

@: no status effects
A: no striking features
a: Heroism, Renounce Religion


You were on level 3 of the Dungeon.
You worshipped Okawaru.
Okawaru was aware of your devotion.
You were not hungry.

You visited 1 branch of the dungeon, and saw 3 of its levels.

You collected 99 gold pieces.

Inventory:

Hand Weapons
 a - a +0 war axe
 g - a +0 hand axe (weapon)
Missiles
 k - 4 boomerangs (quivered)
Armour
 b - a +0 scale mail (worn)
 c - a +0 shield (worn)
 e - a +0 pair of boots (worn)
 m - a +0 pair of gloves (worn)
Jewellery
 o - an uncursed ring of flight {unknown}
Scrolls
 h - 2 scrolls of remove curse {unknown}
 i - 2 scrolls of amnesia {unknown}
 j - a scroll of identify {unknown}
 l - a scroll of enchant armour {unknown}
 n - a scroll of noise {unknown}
Potions
 d - a potion of lignification {unknown}
Comestibles
 f - 6 rations


   Skills:
 + Level 4.1 Fighting
 * Level 5.6 Axes
 + Level 3.9 Armour
 - Level 0.1 Dodging
 + Level 4.5 Shields


You had 4 spell levels left.
You didn't know any spells.
Your spell library was empty.

Dungeon Overview and Level Annotations

Branches:
Dungeon (3/15)

Altars:
Okawaru
Trog
Xom
The Shining One


Message History

You block the gnoll's attack.
You hit the gnoll.
You kill the gnoll!
Okawaru accepts your kill. You block the gnoll's attack.
You are too injured to fight recklessly!
The gnoll hits you with a +0 halberd!
* * * LOW HITPOINT WARNING * * *
You see here a +0 spear.
You closely miss the gnoll. The gnoll barely misses you.
You hit the gnoll.
The gnoll is moderately wounded.
You block the gnoll's attack.
You slash the gnoll!
The gnoll is almost dead.
You block the gnoll's attack.
You barely miss the gnoll.
The gnoll is almost dead.
The gnoll hits you with a +0 halberd!
You die...

..........†..........###.#.....#
####.##.######..............>..#
###.#### #.##.###.##.#.##..#
##.♣...## #.##.....>..#.....#
##....≈≈## #.##.###.####..##.#
≈.....≈≈.### #........# #..##.#
≈.#._.≈.#^.# ###...#### #.....#
).≈_..♣≈.#.# ##)....## ##.####
##.^.^.≈##.###..@....## ##.##
##≈≈.§≈###.......g....####...####
###^###....'.........'..........
#.#...####.........##.#...#.##
#.##.## ##.......###.##..#.# ###
##.....## #.###.#.# ##...## #.#
#.#.# ##'## #.###.#.# #.#
#...††..#


You could see a gnoll.

Vanquished Creatures
  An orc priest (D:3)
  Robin (D:2)
  3 adders (D:2)
  3 gnolls (D:3)
  2 worms
  3 dart slugs
  4 leopard geckos
  4 orcs (D:3)
  5 bats
  4 giant cockroaches
  10 goblins
  15 hobgoblins
  4 jackals
  3 quokkas (D:2)
  A ball python (D:2)
  4 frilled lizards
  2 kobolds (D:1)
  8 rats
77 creatures vanquished.

Notes
Turn   | Place    | Note
-------+----------+-------------------------------------------
     0 | D:1      | Mame the Hill Orc Fighter began the quest for the Orb.
     0 | D:1      | Reached XP level 1. HP: 19/19 MP: 1/1
   211 | D:1      | Reached XP level 2. HP: 27/27 MP: 2/2
   261 | D:1      | Reached skill level 3 in Axes
   587 | D:2      | Found an iron altar of Okawaru.
   595 | D:2      | Became a worshipper of Warmaster Okawaru
   665 | D:2      | Reached XP level 3. HP: 32/33 MP: 3/3
  1014 | D:2      | Reached XP level 4. HP: 40/40 MP: 4/4
  1040 | D:2      | Reached skill level 4 in Axes
  1098 | D:2      | Identified the +3 helmet of the Forsaken Lovers {rC+}
  1098 | D:2      | Noticed Robin
  1128 | D:2      | HP: 1/40 [adder (3)]
  1137 | D:2      | Killed Robin
  1555 | D:2      | Found a glowing golden altar of the Shining One.
  1689 | D:3      | Reached XP level 5. HP: 10/46 MP: 5/5
  1689 | D:3      | HP: 1/46 [gnoll/+0 halberd (7)]
  1970 | D:3      | Reached skill level 5 in Axes
  2026 | D:3      | Found a bloodstained altar of Trog.
  2127 | D:3      | Reached * piety under Okawaru
  2695 | D:3      | Found a shimmering altar of Xom.
  2695 | D:3      | Found a shimmering altar of Xom.
  2749 | D:3      | Slain by a gnoll

Levels and vault maps discovered:
D:1:      scummos_arrival_checkerplants, layout_loops_ring, minivault_26
D:2:      minmay_evil_eye, layout_basic, lemuel_round_altar,
          kennysheep_okawaru_gauntlet, st_stairs_3, uniq_robin
D:3:      layout_loops_corners, xom_redecorated, bloody_trog

Skill      XL: |  1  2  3  4  5 |
---------------+----------------+-----
Axes           | 3 4 5 |  5.6
Shields        | 4 |  4.5
Fighting       | 4 |  4.1
Armour         | |  3.9
Dodging        | |  0.1

Action                   |  1- 3 |  4- 6 || total
-------------------------+-------+-------++-------
Melee: War axe           |   104 |    88 ||   192
       Hand axe          |       |    72 ||    72
  Use: Potion            |       |     5 ||     5
  Eat: Chunk             |       |     6 ||     6
Armor: Scale mail        |    66 |    81 ||   147
Dodge: Dodged            |    35 |    68 ||   103
Block: Shield            |    52 |   107 ||   159

Table legend:
 A = Non-vault XP
 B = Vault XP
 C = Vault XP percentage of total XP
 D = Non-vault monster count
 E = Vault monster count
 F = Vault count percentage of total count
                 A         B        C        D         E       F
            +---------+---------+-------+---------+---------+-------
      Total |     205 |      69 |  25.2 |      55 |      22 |  28.6
            +---------+---------+-------+---------+---------+-------
        D:1 |      19 |       0 |   0.0 |      11 |       0 |   0.0
        D:2 |      62 |      69 |  52.7 |      22 |      22 |  50.0
        D:3 |     124 |       0 |   0.0 |      22 |       0 |   0.0
            +---------+---------+-------+---------+---------+-------
